 Dungeon Crawl Stone Soup version 5.6-49-g8abd877 (webtiles) character file.

11 rednecknazgul the Basher (level 9, 0/92 HPs) *CASUAL*
             Began as a Titan Skald on Nov 30, 2018.
             Slain by an orc
             ... wielding a +0 trident
              (1 damage)
             ... on level 6 of the Dungeon.
             The game lasted 00:05:54 (3821 turns).

rednecknazgul the Basher (Titan Skald)              Turns: 3821, Time: 00:05:55

Health: 0/92       AC: 11 (0%)Str: 19   XL:     9   Next: 64%
Magic:  8/8        EV: 12    Int: 20    God:
Gold:   372        SH:  0    Dex: 18    Spells: 7/17 levels left

rFire    . . .     SeeInvis .   p - +0 giant club
rCold    . . .     Faith    .   (shield currently unavailable)
rNeg     . . .     Spirit   .   r - +1 robe {MR+}
rPois    .         Reflect  .   (helmet restricted)
rElec    +                      (no cloak)
rCorr    .                      (gloves unavailable)
MR       +....                  (boots unavailable)
Stlth    ++........             (no amulet)
Regen    0.8/turn               f - +5 ring of dexterity
MPRegen  0.2/turn               g - +3 ring of protection

@: lethally poisoned (0 -> -1), regenerating, icy armour
A: unfitting armour, high mp 1, electricity resistance
a: End Regeneration, End Ozocubu's Armour, Stop Singing


You were on level 6 of the Dungeon.
You were not hungry.

You visited 1 branch of the dungeon, and saw 6 of its levels.

You collected 372 gold pieces.

Inventory:

Hand Weapons
 p - a +0 giant club (weapon)
Armour
 r - a +1 robe of magic resistance (worn)
Jewellery
 f - a +5 ring of dexterity (left hand)
 g - a +3 ring of protection (right hand)
 j - a +5 ring of dexterity
Wands
 n - a wand of acid (7)
Scrolls
 a - a scroll of fear
 c - 7 scrolls of enchant weapon
 d - 2 scrolls of fog
 h - a scroll of blinking
 i - 4 scrolls of enchant armour
 k - 2 scrolls of teleportation
Potions
 b - a potion of mutation
 e - a potion of resistance
 l - 2 potions of haste
 m - a potion of invisibility
 o - 2 potions of flight


   Skills:
 + Level 6.5 Fighting
 * Level 10.6 Maces & Staves
 + Level 4.1 Armour
 + Level 4.0 Dodging
 - Level 0.3 Stealth
 + Level 6.0 Charms
 + Level 2.6 Necromancy
 + Level 3.4 Ice Magic


You had 7 spell levels left.
You knew the following spells:

 Your Spells              Type           Power        Failure   Level  Hunger
a - Infusion              Chrm           24 (25)      1%          1    N/A
b - Song of Slaying       Chrm           24 (100)     2%          2    N/A
c - Regeneration          Chrm/Necr      17 (200)     10%         3    N/A
d - Ozocubu's Armour      Chrm/Ice       18 (100)     28%         4    N/A

Your spell library contained the following spells:

 Spells                   Type           Power        Failure   Level  Hunger
 Spectral Weapon          Chrm/Summ      12 (100)     83%         5    N/A

Dungeon Overview and Level Annotations

Branches:
Dungeon (6/15)


Innate Abilities, Weirdness & Mutations

You are too large for most types of armour.
You have an increased reservoir of magic. (+10% MP)
You are resistant to electric shocks. (rElec)


Message History

Unknown command.
You barely miss the killer bee.
The killer bee is heavily wounded.
You feel very sick. The killer bee stings you (8)!
* * * LOW HITPOINT WARNING * * *
You are more poisoned.
The killer bee poisons you! The orc barely misses you.
The killer bee barely misses you.
Okay, then.
You closely miss the killer bee.
The killer bee is heavily wounded.
You feel very sick.
The killer bee closely misses you. x2; The orc misses you.
You miss the killer bee.
The killer bee is heavily wounded.
You feel sick. The killer bee barely misses you.
The killer bee stings you but does no damage.
The orc hits you from afar with a +0 trident (1).
You die...

#...$.... #........ .......>.
#........ #........ #........
#.o...... #. #y####### #. #@###
.###+########...#
..#........####'##
#.#..............####
#.#.................###
#.##+####.......))....#
####(.#.####...####.####.#
...............##.....##.#
#####...###....#.......#.####.#


You could see a killer bee and an orc.

Vanquished Creatures
  Sigmund (D:6)
  A water moccasin (D:4)
  A black bear (D:6)
  3 ogres
  A centaur (D:6)
  4 scorpions (D:5)
  3 killer bees (D:6)
  2 crimson imps (D:5)
  A howler monkey (D:5)
  A bullfrog zombie (D:5)
  2 hounds
  Natasha (twice) (D:3)
  An orc wizard (D:6)
  4 worker ants
  2 iguanas
  3 adders
  A shadow imp (D:5)
  An ooze (D:5)
  An adder skeleton (D:4)
  7 dart slugs
  12 orcs
  7 quokkas
  3 giant cockroaches
  7 goblins
  9 hobgoblins
  7 jackals (D:1)
  2 bats
  14 frilled lizards
  9 kobolds
  5 rats
117 creatures vanquished.

Notes
Turn   | Place    | Note
-------+----------+-------------------------------------------
     0 | D:1      | rednecknazgul the Titan Skald began the quest for the Orb.
     0 | D:1      | Reached XP level 1. HP: 22/22 MP: 4/4
   306 | D:1      | Reached XP level 2. HP: 27/29 MP: 6/6
   316 | D:1      | Learned a level 2 spell: Song of Slaying
   318 | D:1      | Reached skill level 3 in Maces & Staves
   517 | D:1      | Reached XP level 3. HP: 25/36 MP: 6/6
   707 | D:1      | Learned a level 3 spell: Regeneration
   942 | D:2      | Reached skill level 1 in Armour
   953 | D:2      | Reached skill level 4 in Maces & Staves
   962 | D:2      | Reached XP level 4. HP: 39/44 MP: 2/2
  1102 | D:2      | Reached XP level 5. HP: 43/53 MP: 3/3
  1161 | D:2      | Found a sparkling altar of Nemelex Xobeh.
  1333 | D:2      | Reached skill level 5 in Maces & Staves
  1820 | D:3      | Found a basalt altar of Yredelemnul.
  1902 | D:3      | Found an iron altar of Okawaru.
  1936 | D:3      | Found a burning altar of Makhleb.
  1936 | D:3      | Noticed a green death
  2045 | D:3      | Reached skill level 6 in Maces & Staves
  2082 | D:3      | Reached XP level 6. HP: 51/61 MP: 6/6
  2088 | D:3      | Learned a level 4 spell: Ozocubu's Armour
  2407 | D:3      | Noticed Natasha
  2420 | D:3      | Killed Natasha
  2443 | D:3      | Noticed Natasha
  2453 | D:3      | Killed Natasha
  2625 | D:4      | Found a stormy altar of Qazlal.
  2656 | D:4      | Reached skill level 7 in Maces & Staves
  2665 | D:4      | Reached XP level 7. HP: 58/68 MP: 8/8
  2668 | D:4      | Found a snail-covered altar of Cheibriados.
  2669 | D:4      | Found a viscous altar of Jiyva.
  2669 | D:4      | Found a glowing golden altar of the Shining One.
  2753 | D:4      | Found a sacrificial altar of Ru.
  2787 | D:4      | Found a hide-covered altar of Uskayaw.
  2787 | D:4      | Noticed a hand axe
  2788 | D:4      | Noticed a dagger
  2901 | D:4      | Reached skill level 8 in Maces & Staves
  2901 | D:4      | Reached skill level 1 in Ice Magic
  3043 | D:5      | Entered Level 5 of the Dungeon
  3043 | D:5      | Found a deep blue altar of Sif Muna.
  3110 | D:5      | Reached XP level 8. HP: 79/79 MP: 10/10
  3119 | D:5      | Reached skill level 5 in Charms
  3132 | D:5      | Found a bloodstained altar of Trog.
  3158 | D:5      | Found a shimmering altar of Xom.
  3221 | D:5      | Reached skill level 5 in Fighting
  3253 | D:5      | Found a corrupted altar of Lugonu.
  3305 | D:5      | Reached skill level 9 in Maces & Staves
  3314 | D:5      | Reached skill level 1 in Necromancy
  3639 | D:6      | Found a shadowy altar of Dithmenos.
  3642 | D:6      | Noticed Sigmund
  3644 | D:6      | Reached XP level 9. HP: 53/89 MP: 4/4
  3654 | D:6      | Killed Sigmund
  3654 | D:6      | Reached skill level 10 in Maces & Staves
  3749 | D:6      | Found a radiant altar of Vehumet.
  3820 | D:6      | HP: 1/92 [poisoned by a killer bee]
  3821 | D:6      | Slain by an orc

Skill      XL: |  1  2  3  4  5  6  7  8  9 |
---------------+----------------------------+-----
Maces & Staves | 3 4 6 7 8 9 10 | 10.6
Charms         | 4 5 6 |  6.0
Armour         | 1 2 3 4 |  4.1
Fighting       | 3 4 5 6 |  6.5
Dodging        | 2 3 4 |  4.0
Ice Magic      | 1 2 3 |  3.4
Necromancy     | 1 2 |  2.6
Stealth        | |  0.3

Action                   |  1- 3 |  4- 6 |  7- 9 || total
-------------------------+-------+-------+-------++-------
Melee: Mace              |    66 |   142 |    13 ||   221
       Giant club        |       |       |   127 ||   127
 Cast: Song of Slaying   |     1 |       |       ||     1
       Regeneration      |     1 |       |       ||     1
       Ozocubu's Armour  |       |       |     1 ||     1
 Stab: Sleeping          |       |     2 |     1 ||     3
Armor: Robe              |    17 |    37 |    48 ||   102
Dodge: Dodged            |    28 |    65 |   115 ||   208
